 Dungeon Crawl Stone Soup version 0.30.0-5-g1a98f26d00 (webtiles) character file.

Game seed: 312371415342782015

68658 selver the Spry (level 15, -2/131 HPs)
             Began as a Merfolk Monk on May 9, 2023.
             Was a High Priest of Okawaru.
             Slain by a skeletal warrior
             ... wielding a +0 halberd
              (9 damage)
             ... while petrified by Jorgrun
             ... on level 13 of the Dungeon.
             The game lasted 01:44:26 (25395 turns).

selver the Spry (Merfolk Monk)                     Turns: 25395, Time: 01:44:27

Health: -2/131     AC: 10    Str: 18    XL:     15   Next: 27%
Magic:  16/21      EV:  2    Int: 10    God:    Okawaru [*****.]
Gold:   219        SH:  0    Dex: 23    Spells: 14/14 levels left

rFire   . . .        C - +4 scimitar (flame)
rCold   + . .        v - +0 buckler {rC+}
rNeg    + + +        u - +0 troll leather armour rPois โˆž
                     S - +2 helmet
rElec   .            (no cloak)
rCorr   .            K - +0 pair of gloves
SInv    .            w - +0 pair of boots
Will    +....        D - amulet of reflection
Stlth   +++          e - +4 ring of slaying
HPRegen 1.21/turn    q - +6 ring of strength
MPRegen 0.17/turn

%: reflection
@: petrified, heroic, finesse-ful, studying Dodging
A: (nimble swimmer 2), mertail
a: Renounce Religion, Heroism, Finesse, Duel


You were on level 13 of the Dungeon.
You worshipped Okawaru.
Okawaru was extremely pleased with you.
You visited 4 branches of the dungeon, and saw 21 of its levels.

You collected 2047 gold pieces.
You spent 1828 gold pieces at shops.

Inventory:

Hand Weapons
 a - a +0 spectral falchion
 C - a +4 scimitar of flaming (weapon)
 P - a +7 great sword of electrocution
Missiles
 c - 5 throwing nets
 x - 58 poisoned darts (quivered)
 y - 24 boomerangs
 E - 10 javelins
 H - 6 curare-tipped darts
 L - 2 silver boomerangs
 T - 3 silver javelins
Armour
 d - an orb of light
 u - a +0 troll leather armour (worn)
 v - a +0 buckler of cold resistance (worn)
 w - a +0 pair of boots (worn)
 I - +0 steam dragon scales
 K - a +0 pair of gloves (worn)
 M - a +0 kite shield
 S - a +2 helmet (worn)
Jewellery
 e - a +4 ring of slaying (left hand)
 k - a ring of poison resistance
 q - a +6 ring of strength (right hand)
 D - an amulet of reflection (around neck)
 O - a ring of protection from fire
 Y - an amulet of regeneration
Wands
 s - a wand of digging (9)
 t - a wand of roots (15)
 B - a wand of flame (33)
 F - a wand of paralysis (17)
 W - a wand of mindburst (2)
Scrolls
 f - a scroll of brand weapon
 g - 6 scrolls of teleportation
 i - a scroll of magic mapping
 p - 7 scrolls of poison
 N - 2 scrolls of amnesia
 R - 7 scrolls of identify
 V - 2 scrolls of enchant weapon
 Z - 2 scrolls of immolation
Potions
 h - 2 potions of magic
 j - 4 potions of curing
 n - 4 potions of mutation
 o - 4 potions of ambrosia
 r - a potion of brilliance
 z - 2 potions of haste
 A - 4 potions of resistance
 G - a potion of invisibility
 J - 2 potions of flight
 Q - 3 potions of lignification
 U - a potion of might
Miscellaneous
 X - a box of beasts


   Skills:
 - Level 16.0(21.0) Fighting
 - Level 16.0(21.0) Long Blades
 - Level 9.0(14.0) Throwing
 * Level 18.5(23.5) Dodging
 + Level 2.6(7.6) Shields
 - Level 9.0 Invocations


You had 14 spell levels left.
You didn't know any spells.
Your spell library contained the following spells:

 Spells                   Type           Power      Damage    Failure   Level
 Apportation              Tloc           0%         N/A       50%         1
 Foxfire                  Conj/Fire      0%         2x1d4     50%         1
 Magic Dart               Conj           0%         1d3       50%         1
 Necrotise                Necr           0%         1d4       50%         1
 Shock                    Conj/Air       0%         1d3       50%         1
 Ensorcelled Hibernation  Hex/Ice        0%         N/A       63%         2
 Passwall                 Tmut/Erth      0%         N/A       63%         2
 Static Discharge         Conj/Air       0%         2-2/arc   63%         2
 Mephitic Cloud           Conj/Pois/Air  0%         N/A       86%         3
 Spider Form              Tmut/Pois      0%         N/A       86%         3
 Swiftness                Air            0%         N/A       86%         3
 Vampiric Draining        Necr           0%         2d6       86%         3
 Airstrike                Air            0%         2d(0-16)  99%         4
 Anguish                  Hex/Necr       0%         N/A       99%         4
 Passage of Golubria      Tloc           0%         N/A       99%         4
 Agony                    Necr           0%         N/A       100%        5
 Alistair's Intoxication  Tmut/Pois      0%         N/A       100%        5
 Borgnjor's Vile Clutch   Necr/Erth      0%         N/A       100%        5
 Fireball                 Conj/Fire      0%         3d3       100%        5
 Yara's Violent Unravell  Hex/Tmut       0%         3d3       100%        5
 Conjure Ball Lightning   Conj/Air       0%         3x3d6     100%        6
 Eringya's Noxious Bog    Tmut/Pois      0%         N/A       100%        6
 Plasma Beam              Fire/Air       0%         2x1d11    100%        6
 Starburst                Conj/Fire      0%         6d3       100%        6
 Discord                  Hex            0%         N/A       100%        8
 Disjunction              Tloc           0%         N/A       100%        8
 Summon Small Mammal      Summ           Unusable   N/A       N/A         1
 Call Imp                 Summ           Unusable   N/A       N/A         2
 Call Canine Familiar     Summ           Unusable   N/A       N/A         3
 Summon Guardian Golem    Hex/Summ       Unusable   N/A       N/A         3
 Tukima's Dance           Hex            Unusable   N/A       N/A         3
 Summon Lightning Spire   Summ/Air       Unusable   N/A       N/A         4

Dungeon Overview and Level Annotations

Branches:
Dungeon (13/15)            Temple (1/1) D:7            Lair (5/5) D:9
 Shoals (0/4) Lair:3       Spider (0/4) Lair:2        Slime (0/5) Lair:5
    Orc (2/2) D:12            Elf (0/3) Orc:2
 Vaults: D:13-14

Altars:
Ashenzari
Cheibriados
Dithmenos
Elyvilon
Fedhas
Gozag
Hepliaklqana
Kikubaaqudgha
Makhleb
Nemelex Xobeh
Okawaru
Qazlal
Ru
Sif Muna
Trog
Uskayaw
Vehumet
Wu Jian
Xom
Yredelemnul
Zin
The Shining One

Shops:
D:7 *   D:9 (   D:12 (   Orc:2 ?*((

Portals:
Abyss: D:12

Annotations:
D:6 2 transporters, TheOneDM's ghost, novice GnWn
D:12 2 transporters, Nissa's ghost, journeyman MiFi
Lair:1 3 runed translucent doors, Xixaub Eqygg's ghost, journeyman DrTm


Innate Abilities, Weirdness & Mutations

((You are very nimble when in or above water. (Stealth+, EV+, Speed+++)))
Your lower body shifts to a powerful aquatic tail in water.


Message History

Jorgrun is heavily wounded.
You hit Jorgrun but do no damage.
Jorgrun is heavily wounded.
A skeletal warrior comes into view. It is wielding a +0 halberd.
You barely miss Jorgrun.
Jorgrun is heavily wounded.
You miss Jorgrun.
Jorgrun is heavily wounded.
You slash Jorgrun! You burn Jorgrun.
Jorgrun is heavily wounded.
Jorgrun gestures at you while chanting.
You are slowing down.
The grasping roots constrict you!
* * * LOW HITPOINT WARNING * * *
You hit Jorgrun. You burn Jorgrun.
Jorgrun is heavily wounded.
You slice Jorgrun!! You burn Jorgrun.
Jorgrun is almost dead.
You block the skeletal warrior's attack.
Jorgrun barely misses you. The grasping roots constrict you.
* * * LOW HITPOINT WARNING * * *
You hit Jorgrun. You burn Jorgrun.
Jorgrun is almost dead.
Your limbs are stiffening.
You slash Jorgrun! You burn Jorgrun.
You kill Jorgrun!
Okawaru accepts your kill.
The skeletal warrior closely misses you.
You block the skeletal warrior's attack.
You have turned to stone.
You stop ascending the stairs.
The skeletal warrior hits you from afar with a +0 halberd!!
* * * LOW HITPOINT WARNING * * *
A skeletal warrior comes into view. It is wielding a +0 short sword.
The skeletal warrior barely misses you.
A skeletal warrior comes into view. It is wielding a +0 mace.
A skeletal warrior comes into view. It is wielding a +0 scimitar.
The skeletal warrior hits you from afar with a +0 halberd!!
* * * LOW HITPOINT WARNING * * *
The skeletal warrior hits you from afar with a +0 halberd!!
You die...

##.##ยง#..#.......#
#..##.#..........+
#)..#.#..........#
#.#.....###..'.z.. #.#######
#..... #.# ####zz#+#### #.#
#..z.......# ### #.)........#
#### #####@.........# #..#
#...'..........###
####..###.###..........'.#####
..##.........#
#(.........#......
.........#####
#..........####### ###.###.##
###'####.### #..#### ##.# ##..
##...)#### #.# #.#
#โ‰ˆ#######..#โ‰ˆ# #.## #.


You could see 4 skeletal warriors.

Vanquished Creatures
  Jorgrun (D:13)
  Donald (Orc:2)
  An orc warlord (Orc:1)
  A minotaur (Lair:4)
  2 ettins
  Josephine (D:12)
  Harold (Orc:1)
  2 hydras
  2 centaur warriors (D:13)
  6 catoblepae
  3 boulder beetles
  A tengu warrior (D:12)
  5 death yaks
  2 two-headed ogres
  The ghost of Rudyous the Destroyer, a novice DsFE of Vehumet (D:9)
  4 orc high priests (Orc:2)
  A skyshark (Lair:4)
  8 orc knights
  A wolf spider (Lair:1)
  4 manticores
  8 orc sorcerers
  An oklob plant (Lair:5)
  2 black mambas
  A cyclops (D:13)
  2 torpor snails (Lair:4)
  2 gargoyles (D:11)
  3 unseen horrors
  12 cane toads
  7 komodo dragons
  Psyche (D:8)
  A kobold demonologist (D:9)
  A rime drake (Lair:4)
  4 trolls
  22 blink frogs
  3 polar bears
  A merfolk (Lair:3)
  A tarantella (shapeshifter) (D:9)
  3 culicivoras (Lair:2)
  4 wyverns
  4 wraiths
  56 yaks
  3 steam dragons
  2 vampires
  2 basilisks
  7 vampire mosquitoes
  Grum (D:10)
  Menkaure (D:5)
  An acid dragon (D:12)
  17 water moccasins
  19 orc warriors
  2 sky beasts
  2 ice beasts
  4 black bears
  20 wolves
  13 centaurs
  4 ogres
  2 phantoms (D:6)
  A gnoll sergeant (D:9)
  4 kobold brigands
  A scorpion (D:5)
  8 bullfrogs
  4 wights (D:7)
  7 killer bees
  An electric eel (Lair:3)
  5 hounds
  4 jellies
  16 orc priests
  2 iguanas
  20 orc wizards
  11 adders
  4 gnolls (D:9)
  A shadow imp (D:6)
  2 ufetubi
  2 worms
  2 dart slugs
  69 orcs
  6 bats
  11 endoplasms
  3 giant cockroaches
  12 goblins
  7 hobgoblins
  5 jackals
  24 kobolds
  15 ball pythons
  3 frilled lizards
  5 rats
542 creatures vanquished.

Vanquished Creatures (others)
  Nessos (Orc:2)
  A bullfrog (D:8)
  2 orc priests (Orc:1)
  2 orcs
  A butterfly (D:5)
7 creatures vanquished.

Grand Total: 549 creatures vanquished

Notes
Turn   | Place    | Note
-------+----------+-------------------------------------------
     0 | D:1      | selver the Merfolk Monk began the quest for the Orb.
     0 | D:1      | Reached XP level 1. HP: 18/18 MP: 1/1
   148 | D:1      | Reached XP level 2. HP: 24/24 MP: 2/2
   415 | D:1      | Reached XP level 3. HP: 29/29 MP: 3/3
   426 | D:1      | Reached skill level 5 in Long Blades
   713 | D:2      | Identified the +4 mace of Maor {antimagic, rPois Will++}
  1067 | D:2      | Reached XP level 4. HP: 28/35 MP: 4/4
  2281 | D:3      | Reached XP level 5. HP: 38/41 MP: 5/5
  2479 | D:4      | Noticed a centaur
  2495 | D:4      | Killed a centaur
  2496 | D:4      | Reached XP level 6. HP: 32/47 MP: 6/6
  3973 | D:5      | Entered Level 5 of the Dungeon
  3973 | D:5      | Noticed Menkaure
  4053 | D:5      | Noticed a black bear
  4075 | D:5      | Killed a black bear
  4076 | D:5      | Reached XP level 7. HP: 36/52 MP: 7/7
  4426 | D:5      | Reached skill level 10 in Long Blades
  4659 | D:5      | Found a white marble altar of Elyvilon.
  4798 | D:5      | HP: 1/52 [Menkaure (21)]
  4803 | D:5      | Killed Menkaure
  5273 | D:6      | Reached XP level 8. HP: 48/58 MP: 8/8
  5812 | D:6      | Found a hazy altar of Hepliaklqana.
  5819 | D:6      | Found a transporter.
  6282 | D:6      | Noticed TheOneDM's ghost (novice GnWn)
  6285 | D:6      | Identified the +6 giant club "Uczamule" {heavy, Will+
                  | Dex+3}
  6287 | D:6      | Found a transporter.
  6628 | D:7      | Reached XP level 9. HP: 53/64 MP: 9/9
  6671 | D:7      | Found Sekap's Assorted Antiques.
  6741 | D:7      | Bought a silvery potion for 24 gold pieces
  6741 | D:7      | Bought a ruby potion for 24 gold pieces
  6741 | D:7      | Bought a bubbling coppery potion for 24 gold pieces
  6741 | D:7      | Bought a lumpy brown potion for 24 gold pieces
  6833 | D:7      | Found a staircase to the Ecumenical Temple.
  6873 | Temple   | Entered the Ecumenical Temple
  7145 | Temple   | Became a worshipper of Warmaster Okawaru
  7145 | Temple   | Reached * piety under Okawaru
  7145 | Temple   | Reached ** piety under Okawaru
  7459 | D:7      | Found a glowing golden altar of the Shining One.
  7487 | D:7      | Reached skill level 5 in Fighting
  8261 | D:8      | Reached skill level 1 in Invocations
  8359 | D:8      | Noticed a two-headed ogre
  8817 | D:8      | Found a burning altar of Makhleb.
  8817 | D:8      | Found a faded altar of an unknown god.
  8822 | D:8      | Found a broken altar of Ashenzari.
  8824 | D:8      | Found an opulent altar of Gozag.
  8825 | D:8      | Found a faded altar of an unknown god.
  9126 | D:8      | Killed a two-headed ogre
  9126 | D:8      | Reached *** piety under Okawaru
  9127 | D:8      | Reached XP level 10. HP: 83/83 MP: 11/11
  9202 | D:8      | Noticed Psyche
  9235 | D:8      | Killed Psyche
  9892 | D:9      | Noticed a kobold demonologist
  9901 | D:9      | Killed a kobold demonologist
  9902 | D:9      | Reached skill level 10 in Fighting
  9902 | D:9      | Found an ancient bone altar of Kikubaaqudgha.
 10178 | D:9      | Found Opohigu's Hydra Hut.
 10183 | D:9      | Noticed a six-headed hydra
 10211 | D:9      | Bought a +1 scimitar of flaming for 170 gold pieces
 10317 | D:9      | Found a staircase to the Lair.
 10439 | D:9      | Found a runed translucent door.
 10440 | D:9      | Noticed Rudyous's ghost (novice DsFE)
 10457 | D:9      | Killed Rudyous's ghost
 10584 | D:9      | Noticed a fire crab
 10600 | D:9      | Noticed a cane toad
 10747 | D:9      | Found a snail-covered altar of Cheibriados.
 10877 | D:9      | Reached **** piety under Okawaru
 10890 | D:9      | Reached skill level 5 in Dodging
 10900 | D:9      | Reached skill level 6 in Dodging
 11107 | D:10     | Entered Level 10 of the Dungeon
 11117 | D:10     | Reached skill level 7 in Dodging
 11117 | D:10     | Reached XP level 11. HP: 65/95 MP: 12/12
 11336 | D:10     | Reached skill level 8 in Dodging
 11439 | D:10     | Reached skill level 9 in Dodging
 11605 | D:10     | Reached ***** piety under Okawaru
 11606 | D:10     | Reached skill level 10 in Dodging
 11662 | D:10     | Noticed Grum
 11682 | D:10     | Killed Grum
 12033 | Lair:1   | Entered Level 1 of the Lair of Beasts
 12234 | Lair:1   | Received a gift from Okawaru
 12240 | Lair:1   | Reached skill level 5 in Invocations
 12517 | Lair:1   | Noticed a wolf spider
 12534 | Lair:1   | Killed a wolf spider
 12786 | Lair:1   | Noticed a seven-headed hydra
 12801 | Lair:1   | Killed a three-headed hydra
 12802 | Lair:1   | Reached XP level 12. HP: 96/102 MP: 18/18
 12839 | Lair:1   | Found a runed translucent gate.
 12839 | Lair:1   | Found a runed translucent gate.
 12839 | Lair:1   | Found a runed translucent gate.
 12840 | Lair:1   | Noticed an 11-headed hydra
 12841 | Lair:1   | Noticed Xixaub Eqygg's ghost (journeyman DrTm)
 13020 | Lair:1   | Reached skill level 1 in Throwing
 13201 | Lair:1   | Found a shimmering altar of Xom.
 13663 | Lair:2   | Noticed a catoblepas
 13676 | Lair:2   | Killed a catoblepas
 13827 | Lair:2   | Noticed a six-headed hydra
 13840 | Lair:2   | Killed a two-headed hydra
 13841 | Lair:2   | Reached skill level 5 in Throwing
 13910 | Lair:2   | You fall into a shaft and drop 2 floors!
 13948 | Lair:4   | Noticed a minotaur
 13958 | Lair:4   | Killed a minotaur
 13958 | Lair:4   | Received a gift from Okawaru
 14739 | Lair:2   | Found a hole to the Spider Nest.
 15824 | Lair:3   | Found a staircase to the Shoals.
 16090 | Lair:4   | Identified the +7 shadow dragon scales "Yveudaj" {rN+ Will+
                  | Dex-2 SInv Stlth++++} (Okawaru gifted it to you on level 4
                  | of the Lair of Beasts)
 16090 | Lair:4   | Received a gift from Okawaru
 16248 | Lair:4   | Reached skill level 11 in Dodging
 16470 | Lair:4   | Noticed a death yak
 16498 | Lair:4   | Killed a death yak
 16499 | Lair:4   | Reached XP level 13. HP: 85/112 MP: 19/19
 16671 | Lair:4   | Reached ****** piety under Okawaru
 16834 | Lair:4   | Found a runed translucent door.
 16870 | Lair:4   | Reached skill level 12 in Dodging
 17655 | Lair:5   | Entered Level 5 of the Lair of Beasts
 18137 | Lair:4   | Reached skill level 13 in Dodging
 18465 | Lair:5   | Identified the +1 robe "Wyrchave" {Fly rF- Stlth+}
 18496 | Lair:5   | Identified the +1 helmet of the Failed Coup {Rampage Fly
                  | Dex-5 Slay+6} (Okawaru gifted it to you on level 5 of the
                  | Lair of Beasts)
 18496 | Lair:5   | Received a gift from Okawaru
 18503 | Lair:5   | Reached skill level 15 in Fighting
 18754 | Lair:5   | Found a runed translucent door.
 18757 | Lair:5   | Found a staircase to the Slime Pits.
 19045 | Lair:5   | Reached skill level 14 in Dodging
 19542 | Lair:5   | Reached XP level 14. HP: 113/124 MP: 20/20
 19588 | Lair:5   | Reached skill level 15 in Dodging
 19715 | Lair:5   | Identified the staff of air "Lomul" {rElec rPois rF+++
                  | Int-2 Stlth+}
 20808 | D:11     | Identified the -1 pair of boots "Boosak" {+Inv} (Okawaru
                  | gifted it to you on level 11 of the Dungeon)
 20808 | D:11     | Received a gift from Okawaru
 21053 | D:11     | Reached skill level 16 in Dodging
 21300 | D:12     | Noticed Josephine
 21309 | D:12     | Killed Josephine
 21315 | D:12     | Noticed Nissa's ghost (journeyman MiFi)
 21395 | D:12     | Found a transporter.
 21451 | D:12     | Found a staircase to the Orcish Mines.
 21516 | D:12     | Found Ulurr's Weapon Boutique.
 21713 | D:12     | Reached skill level 17 in Dodging
 21782 | D:12     | Found a transporter.
 21810 | D:12     | Found a one-way gate to the infinite horrors of the Abyss.
 22063 | Orc:1    | Entered Level 1 of the Orcish Mines
 22225 | Orc:1    | Noticed Harold
 22225 | Orc:1    | Noticed an orc warlord
 22261 | Orc:1    | Killed an orc warlord
 22263 | Orc:1    | Killed Harold
 22338 | D:12     | Reached skill level 15 in Long Blades
 22958 | Orc:2    | Entered Level 2 of the Orcish Mines
 23044 | Orc:2    | Noticed Donald
 23049 | Orc:2    | Killed Donald
 23247 | Orc:2    | Noticed Nessos
 23296 | Orc:2    | Paralysed by an orc sorcerer for 3 turns
 23439 | Orc:2    | Received a gift from Okawaru
 23571 | Orc:2    | Found a staircase to the Elven Halls.
 23705 | Orc:2    | Killed Nessos
 24207 | Orc:2    | Received a gift from Okawaru
 24368 | Orc:2    | Reached XP level 15. HP: 131/131 MP: 21/21
 24478 | Orc:2    | Paralysed by an orc sorcerer for 3 turns
 24516 | Orc:2    | Found Assock's Assorted Antiques.
 24516 | Orc:2    | Found Ettame's Magic Scroll Emporium.
 24518 | Orc:2    | Found Fulih's Weapon Emporium.
 24518 | Orc:2    | Found Waahelag's Antique Weapon Shop.
 24529 | Orc:2    | Bought a shimmering long sword for 221 gold pieces
 24529 | Orc:2    | Identified the +2 long sword of selver's Sudden Death
                  | {antimagic, *Slow Str+4} (You bought it in a shop on level
                  | 2 of the Orcish Mines)
 24532 | Orc:2    | Bought a scroll of acquirement for 832 gold pieces
 24533 | Orc:2    | Acquired a manual of Dodging
 24543 | Orc:2    | Bought a potion of haste for 170 gold pieces
 24543 | Orc:2    | Bought a scroll of teleportation for 51 gold pieces
 24543 | Orc:2    | Bought a runed buckler for 127 gold pieces
 24543 | Orc:2    | Bought a scroll of enchant weapon for 127 gold pieces
 24543 | Orc:2    | Bought a scroll of identify for 34 gold pieces
 24768 | D:13     | Received a gift from Okawaru
 24839 | D:13     | Reached skill level 1 in Shields
 25077 | D:13     | Reached skill level 18 in Dodging
 25125 | D:13     | Noticed Jorgrun
 25390 | D:13     | Killed Jorgrun
 25394 | D:13     | HP: 6/131 [skeletal warrior/+0 halberd (9)]
 25395 | D:13     | Slain by a skeletal warrior

Illustrated notes

Levels and vault maps discovered:
D:1:      elethiomel_arrival_fortress_basement, layout_basic
D:2:      layout_basic, kennysheep_generic_room_2
D:3:      layout_basic, hangedman_decor_peaks_small
D:4:      layout_basic, serial_forest, infiniplex_forest_end_1,
          infiniplex_forest_lined_3, infiniplex_forest_lined_2,
          infiniplex_forest_end_double, infiniplex_forest_straight_4,
          infiniplex_forest_clump_cross, infiniplex_forest_join,
          minmay_crossroads
D:5:      layout_rooms, nicolae_elyvilon_peaceful_grove, serial_glass,
          glass_columns_c, glass_columns_a, uniq_menkaure
D:6:      layout_loops_ring, lemuel_doored_altar, gammafunk_ghost_smash,
          roderic_serpentine_path
D:7:      layout_loops_ring, tso_oasis_becter, minmay_temple_entry_junction,
          serial_shops, nicolae_square_shop, due_unseen_surprise
D:8:      layout_basic, chequers_temple_overflow_minitemple, uniq_psyche
D:9:      layout_basic, nicolae_overflow_hidden_temple, kennysheep_mini_moat,
          lair_entry_dummy, ebering_ghost_reflecting_pool,
          doesnt_shop_hydraphobe
D:10:     layout_irregular_city, uniq_grum
D:11:     layout_irregular_city
D:12:     layout_loops_ring, orc_david_3, gammafunk_ghost_abyssal_escape,
          uniq_josephine
D:13:     layout_roguey [special_room_orc], serial_aquarium,
          aquarium_bridge_square [aquarium_subvault_wall,
          aquarium_subvault_bridge, aquarium_subvault_bridge,
          aquarium_subvault_window], aquarium_bridge_straight
          [aquarium_subvault_bridge, aquarium_subvault_wall,
          aquarium_subvault_bridge, aquarium_subvault_balcony],
          aquarium_window_fake, aquarium_window_fake, aquarium_window_fake,
          aquarium_view_4, aquarium_pool_four, minmay_misc_feat_columns,
          kennysheep_orc_sif_temple, uniq_jorgrun
Temple:   minmay_temple_curvy_branch
Lair:1:   layout_cellular_growth, gammafunk_ghost_hydra_chop, basic_altar,
          cheibrodos_lair_caveside_slide, nicolae_lair_run_with_the_wolves
Lair:2:   layout_roguey, hellmonk_spider_entry_life_and_decay,
          grunt_megastairs_2
Lair:3:   layout_chaotic_city, elwin_shoals_entry_rooms
Lair:4:   dreamdust_labyrinth, layout_small_grid
Lair:5:   evilmike_catoblepas_cave, layout_long_grid, slime_entry_2,
          grunt_megastairs_5
Orc:1:    layout_caves, uniq_harold
Orc:2:    grunt_orc_tribal_feast, layout_diamond_mine, uniq_nessos, uniq_donald

Skill      XL: |  1  2  3  4  5  6  7  8  9 10 11 12 13 14 15 |
---------------+----------------------------------------------+-----
Long Blades    | 4 5 6 7 9 11 13 14 16 | 16.0
Fighting       | 9 12 13 15 16 | 16.0
Invocations    | 2 8 9 |  9.0
Dodging        | 7 10 11 14 17 18 | 18.5
Throwing       | 7 8 9 |  9.0
Shields        | 2 |  2.6

Action                     |  1- 3 |  4- 6 |  7- 9 | 10-12 | 13-15 || total
---------------------------+-------+-------+-------+-------+-------++-------
  Melee: Falchion          |    87 |   169 |   354 |    34 |       ||   644
         Scimitar          |       |       |       |   412 |   696 ||  1108
         Tailslap          |       |       |       |     1 |       ||     1
  Throw: Dart              |       |       |    10 |     6 |     2 ||    18
         Boomerang         |       |       |     6 |     3 |     1 ||    10
         Javelin           |       |       |       |       |    14 ||    14
 Invoke: Heroism           |       |       |     1 |     7 |    10 ||    18
         Finesse           |       |       |       |       |     1 ||     1
  Evoke: Wand              |       |       |     1 |       |     4 ||     5
    Use: Scroll            |       |     4 |    10 |    15 |    11 ||    40
         Potion            |       |     4 |     4 |     5 |     4 ||    17
   Stab: Sleeping          |       |       |       |     1 |       ||     1
 Armour: Robe              |     7 |       |       |       |       ||     7
         Leather armour    |     4 |       |       |       |       ||     4
         Ring mail         |     5 |    48 |    69 |     2 |       ||   124
         Steam dragon scal |       |       |       |    60 |    45 ||   105
         Troll leather arm |       |       |       |       |    84 ||    84
  Dodge: Dodged            |    64 |   106 |   165 |   265 |   683 ||  1283
  Block: Orb               |       |       |     4 |    73 |    52 ||   129
         Reflection        |       |       |       |     3 |    15 ||    18
         Kite shield       |       |       |       |       |    18 ||    18
         Buckler           |       |       |       |       |    12 ||    12
